 Dungeon Crawl Stone Soup version 0.29-a0-670-g5ff2a30383 (webtiles) character file.

Game seed: 2350276399017463271

163776 PentaManta the Acrobat (level 17, -3/98 HPs)
             Began as a Spriggan Hunter on June 24, 2022.
             Was an Initiate of Gozag.
             Shot with an arrow by a deep elf master archer (20 damage)
             ... on level 3 of the Elven Halls.
             The game lasted 01:18:58 (29793 turns).

PentaManta the Acrobat (Spriggan Hunter)           Turns: 29793, Time: 01:19:03

Health: -3/98      AC:  8    Str:  7    XL:     17   Next: 24%
Magic:  9/9        EV: 45    Int: 12    God:    Gozag
Gold:   1450       SH:  0    Dex: 29    Spells: 16/16 levels left

rFire   + . .      SeeInvis +   a - +3 shortbow (venom)
rCold   . . .      Faith    .   (shield currently unavailable)
rNeg    . . .      Spirit   .   l - +1 robe "Nisokeits" {Regen+ MP-9 Slay+2}
rPois   .          Reflect  .   (helmet restricted)
rElec   +          Harm     .   n - +4 cloak of the Realm of Zot {rElec Dex+4 Stlth-}
rCorr   .          Rampage  .   (gloves unavailable)
Will    ++...                   (boots unavailable)
Stlth   +++++.....              A - amulet of the acrobat
HPRegen 1.06/turn               g - ring of protection from fire
MPRegen 0.11/turn               j - +4 ring of slaying

@: studying Translocations, very quick
A: very small, no large weapons, unfitting armour, see invisible, speed 3
a: Renounce Religion, Potion Petition, Call Merchant, Bribe Branch


You were on level 3 of the Elven Halls.
You worshipped Gozag.
Gozag was most pleased with you.
You visited 5 branches of the dungeon, and saw 27 of its levels.
You also visited: Sewer, Bailey and Gauntlet.

You collected 9856 gold pieces.
You spent 1725 gold pieces at shops.
You paid 6681 gold pieces to Gozag.

Inventory:

Hand Weapons
 a - a +3 shortbow of venom (weapon)
 Z - a +0 quick blade
Missiles
 v - 8 throwing nets
 J - 5 curare-tipped darts
Armour
 l - the +1 robe "Nisokeits" (worn) {Regen+ MP-9 Slay+2}
   (You acquired it on level 3 of the Elven Halls)

   Slay:      It affects your accuracy & damage with ranged weapons and melee
   (+2).
   MP:        It affects your magic capacity (-9).
   Regen:     It increases your rate of health regeneration.
 m - a scarf of resistance
 n - the +4 cloak of the Realm of Zot (worn) {rElec Dex+4 Stlth-}
   (You found it on level 4 of the Dungeon)

   Dex:       It affects your dexterity (+4).
   rElec:     It insulates you from electricity.
   Stlth:     It makes you less stealthy.
 s - a +1 cloak of poison resistance
 E - a +2 robe of cold resistance
 I - a +4 troll leather armour
 K - +0 storm dragon scales
 U - a +1 robe of willpower
 V - a +2 robe of fire resistance
Jewellery
 b - the ring "Lybiemim" {rC+ rN+ rCorr Int+8 Dex-5}
   (You acquired it on level 10 of the Dungeon)

   [ring of positive energy]

   Int:       It affects your intelligence (+8).
   Dex:       It affects your dexterity (-5).
   rC:        It protects you from cold.
   rN:        It protects you from negative energy.
   rCorr:     It protects you from acid and corrosion.
 g - a ring of protection from fire (left hand)
 h - a ring of willpower
 j - a +4 ring of slaying (right hand)
 k - a ring of willpower
 y - a ring of positive energy
 A - an amulet of the acrobat (around neck)
 M - a ring of fire
 N - a ring of ice
 P - a ring of flight
 T - a +4 ring of protection
Wands
 d - a wand of iceblast (31)
 u - a wand of flame (23)
 B - a wand of mindburst (12)
 F - a wand of digging (12)
 G - a wand of paralysis (7)
 X - a wand of polymorph (4)
Scrolls
 c - 5 scrolls of immolation
 e - 2 scrolls of poison
 f - 13 scrolls of teleportation
 i - 3 scrolls of blinking
 p - 4 scrolls of vulnerability
 q - 6 scrolls of fear
 r - a scroll of magic mapping
 w - 2 scrolls of summoning
 O - 2 scrolls of fog
 W - a scroll of brand weapon
Potions
 o - 10 potions of curing
 x - 11 potions of mutation
 z - 2 potions of cancellation
 C - 4 potions of ambrosia
 D - a potion of haste
 L - 3 potions of berserk rage
 Q - a potion of resistance
 R - a potion of invisibility
Miscellaneous
 t - a phial of floods
 H - a box of beasts
 S - a piece from Xom's chessboard (15/15)


   Skills:
 + Level 14.9 Fighting
 - Level 17.2 Bows
 - Level 6.0 Throwing
 - Level 3.0 Armour
 - Level 21.0 Dodging
 - Level 12.1 Stealth
 - Level 16.0 Evocations


You had 16 spell levels left.
You didn't know any spells.
Your spell library contained the following spells:

 Spells                   Type           Power      Damage    Failure   Level
 Apportation              Tloc           0%         N/A       32%         1
 Beastly Appendage        Tmut           0%         N/A       32%         1
 Freeze                   Ice            0%         1d3       32%         1
 Necrotize                Necr           0%         1d4       32%         1
 Sting                    Tmut/Pois      0%         1d3       32%         1
 Summon Small Mammal      Summ           0%         N/A       32%         1
 Poisonous Vapours        Pois/Air       0%         N/A       45%         2
 Sublimation of Blood     Necr           0%         N/A       45%         2
 Wereblood                Tmut           0%         N/A       45%         2
 Confusing Touch          Hex            0%         N/A       69%         3
 Gell's Gravitas          Tloc           0%         N/A       69%         3
 Ignite Poison            Fire/Tmut/Pois 0%         N/A       69%         3
 Mephitic Cloud           Conj/Pois/Air  0%         N/A       69%         3
 Spider Form              Tmut/Pois      0%         N/A       69%         3
 Stone Arrow              Conj/Erth      0%         3d7       69%         3
 Teleport Other           Tloc           0%         N/A       69%         3
 Animate Armour           Summ/Erth      0%         N/A       97%         4
 Dispel Undead            Necr           0%         3d6       97%         4
 Hailstorm                Conj/Ice       0%         3d3       97%         4
 Olgreb's Toxic Radiance  Pois           0%         N/A       97%         4
 Passage of Golubria      Tloc           0%         N/A       97%         4
 Petrify                  Tmut/Erth      0%         N/A       97%         4
 Freezing Cloud           Conj/Ice/Air   0%         6-21      100%        5
 Irradiate                Conj/Tmut      0%         3d13      100%        5
 Silence                  Hex/Air        0%         N/A       100%        5
 Yara's Violent Unravell  Hex/Tmut       0%         3d3       100%        5
 Death Channel            Necr           0%         N/A       100%        6
 Dispersal                Tloc           0%         N/A       100%        6
 Enfeeble                 Hex            0%         N/A       100%        7
 Summon Hydra             Summ           0%         N/A       100%        7
 Borgnjor's Revivificati  Necr           0%         N/A       100%        8
 Lehudib's Crystal Spear  Conj/Erth      0%         10d2      100%        8
 Corpse Rot               Necr/Pois/Air  Unusable   N/A       N/A         4
 Simulacrum               Ice/Necr       Unusable   N/A       N/A         6

Dungeon Overview and Level Annotations

Branches:
Dungeon (15/15)            Temple (1/1) D:6            Lair (6/6) D:10
 Shoals (0/4) Lair:3       Spider (0/4) Lair:2        Slime (0/5) Lair:6
    Orc (2/2) D:10            Elf (3/3) Orc:2        Vaults (0/5) D:13
 Depths (0/4) D:15          Sewer (visited)          Bailey (visited)
Gauntlet (visited)

Altars:
Ashenzari
Cheibriados
Dithmenos
Elyvilon
Fedhas
Gozag
Hepliaklqana
Kikubaaqudgha
Makhleb
Nemelex Xobeh
Okawaru
Qazlal
Ru
Sif Muna
Trog
Uskayaw
Vehumet
Wu Jian
Xom
Yredelemnul
Zin
The Shining One

Shops:
D:3 *   D:5 *   D:9 *   Orc:1 !   Orc:2 (??*?[!=(?**   Elf:1 =[   Elf:3 !

Annotations:
D:9 1 runed translucent door, NoAnimeNoLife's ghost, novice DsAr
Elf:2 3 runed translucent doors, 1 exclusion


Innate Abilities, Weirdness & Mutations

You are very small and have problems with some larger weapons.
You are too small for most types of armour.
You have supernaturally acute eyesight. (SInv)
You cover ground extremely quickly. (Speed+++)


Message History

The arrow barely misses the deep elf master archer.
The deep elf master archer shoots an arrow.
The arrow completely misses you.
You shoot an arrow.
The arrow hits the deep elf master archer!
The deep elf master archer looks as sick as possible!
The deep elf master archer is moderately wounded.
The deep elf master archer shoots an arrow.
The arrow completely misses you.
You hear a shout!
You shoot an arrow.
The arrow misses the deep elf master archer.
The deep elf master archer shoots an arrow.
The arrow completely misses you.
The deep elf master archer shoots an arrow.
The arrow completely misses you.
You shoot an arrow.
The arrow hits the deep elf master archer.
The deep elf master archer looks as sick as possible!
The deep elf master archer is heavily wounded.
You shoot an arrow.
The arrow hits the deep elf master archer!
The deep elf master archer looks as sick as possible!
The deep elf master archer is severely wounded.
The deep elf master archer shoots an arrow.
The arrow hits you!!!
Unknown command.
The deep elf master archer shoots an arrow.
The arrow hits you!!!
* * * LOW HITPOINT WARNING * * *
The deep elf master archer shoots an arrow.
The arrow completely misses you.
You feel much better.
The deep elf master archer shoots an arrow.
The arrow hits you!!
* * * LOW HITPOINT WARNING * * *
The deep elf master archer shoots an arrow.
The arrow hits you!!
You die...
Your body crumbles into a pile of gold.

.# #.....###.####.###.. .#
#....## ##.......#.. .E##
#####.....###.####.#.##. .e.#
#........^.#...###.#.##. ...#
#.#.............##....#) .#§#
#.#...................#. ..e.
####.##............###.....
##E...#.#...#.......#...##.......
##∩#.....e......@##.#.##.........
##.#.e....e.#######.#..!......[..
##.....)."...# #.)####.........
#..[.$.....e.#####..[......#...##
#............e........##.###...##
#.#......[...####.###.#### #...#
#.##.......<..# ### #[# #...#
..###...##....## #.# ##.## ###
##.#######.# #.# #.#


You could see a deep elf master archer (extremely poisoned) and a deep elf
annihilator.

Vanquished Creatures
  Rupert (D:15)
  2 deep elf blademasters
  A deep elf master archer (Elf:3)
  A storm dragon (D:11)
  Kirke (Lair:4)
  2 deep elf sorcerers
  Louise (D:15)
  4 deep elf elementalists (Elf:3)
  A stone giant (D:11)
  4 deep elf demonologists
  A minotaur (Gauntlet)
  A deep elf death mage (Elf:2)
  2 ettins
  Snorg (D:11)
  2 deep elf high priests (Elf:3)
  Fannar (D:12)
  An ice dragon (D:13)
  A merfolk avatar (Lair:6)
  3 boulder beetles
  2 ogre magi
  9 hydras
  2 centaur warriors (D:15)
  A death knight (D:15)
  10 death yaks
  16 two-headed ogres
  3 tengu warriors
  An orc high priest (Orc:2)
  A hell knight (D:15)
  11 deep elf knights
  Urug (Lair:6)
  A wretched star (Gauntlet)
  An iron troll (D:13)
  The ghost of anet the Chopper, a novice HOCj of Beogh (D:8)
  Amaemon (Lair:1)
  A shadow wraith (D:13)
  4 skeletal warriors (D:15)
  A sea snake (Lair:6)
  A deep troll (D:15)
  A swamp dragon (Lair:4)
  A wizard (Gauntlet)
  17 deep elf archers
  2 harpies (Lair:6)
  2 orc knights
  34 deep elf pyromancers
  21 deep elf zephyrmancers
  5 orc sorcerers
  8 ugly things
  4 cyclopes
  9 manticores
  A faun (shapeshifter) (Elf:3)
  7 elephants
  6 black mambas
  A torpor snail (Lair:5)
  An ice statue (Elf:3)
  An orange demon (Lair:1)
  10 cane toads
  A minotaur zombie (Gauntlet)
  10 komodo dragons
  4 rime drakes
  An efreet (D:13)
  3 tengu conjurers
  5 trolls
  6 wind drakes
  5 polar bears
  A troll (shapeshifter) (D:13)
  A snapping turtle (Lair:6)
  6 slime creatures (D:13)
  12 blink frogs
  A dream sheep (shapeshifter) (D:14)
  3 air elementals
  7 dream sheep
  7 wyverns
  A jumping spider (shapeshifter) (D:13)
  5 culicivoras
  A shadow (D:11)
  3 basilisks
  9 flying skulls (Gauntlet)
  33 yaks
  A hog (Lair:4)
  5 wraiths
  An unseen horror simulacrum (D:10)
  3 small abominations (Gauntlet)
  4 fire elementals
  3 steam dragons
  Grum (Bailey)
  15 vampire mosquitoes
  3 wargs
  15 water moccasins
  3 acid dragons
  A black bear (Lair:1)
  3 hell hounds (D:15)
  2 sky beasts
  23 orc warriors
  2 ice beasts (D:7)
  4 wolves (Bailey)
  9 ogres
  A phantom (D:7)
  6 centaurs
  5 gnoll sergeants (Bailey)
  11 bullfrogs
  8 scorpions
  Blork the orc (D:5)
  An earth elemental (Elf:3)
  10 wights (D:8)
  12 killer bees
  An electric eel (Lair:4)
  3 jellies
  25 orc priests
  7 gnoll shamans
  6 hounds
  4 iguanas
  36 orc wizards
  2 centaur simulacra (D:10)
  23 gnolls
  11 adders
  2 river rats (Sewer)
  3 shadow imps (Gauntlet)
  A worm (D:2)
  4 dart slugs
  95 orcs
  14 endoplasms
  6 giant cockroaches
  7 hobgoblins
  6 jackals
  13 kobolds
  3 quokkas
  10 ball pythons
  7 bats
  2 frilled lizards
  8 goblins
  17 rats
824 creatures vanquished.

Vanquished Creatures (collateral kills)
  Azrael (D:15)
  2 hell hounds (D:15)
3 creatures vanquished.

Vanquished Creatures (others)
  A deep elf sorcerer (Elf:2)
  15 dancing weapons
  A deep elf knight (Elf:2)
  A tengu conjurer (Gauntlet)
  A human (Lair:4)
  24 fungi
  60 plants
103 creatures vanquished.

Grand Total: 930 creatures vanquished

Notes
Turn   | Place    | Note
-------+----------+-------------------------------------------
     0 | D:1      | PentaManta the Spriggan Hunter began the quest for the Orb.
     0 | D:1      | Reached XP level 1. HP: 10/10 MP: 2/2
    47 | D:1      | Reached skill level 5 in Bows
   112 | D:1      | Reached XP level 2. HP: 14/14 MP: 3/3
  1178 | D:2      | Reached XP level 3. HP: 18/18 MP: 4/4
  1498 | D:2      | Reached XP level 4. HP: 22/22 MP: 5/5
  1680 | D:3      | Found Acsurar's Assorted Antiques.
  2163 | D:3      | Found a glowing drain.
  2183 | Sewer    | Entered a sewer
  2210 | Sewer    | Reached XP level 5. HP: 19/25 MP: 6/6
  2878 | D:4      | Identified the +2 trident "Rummage" {venom, rElec rPois rC+
                  | Int+3}
  3049 | D:4      | Reached XP level 6. HP: 30/30 MP: 7/7
  3339 | D:4      | Identified the +4 cloak of the Realm of Zot {rElec Dex+4
                  | Stlth-}
  3994 | D:5      | Entered Level 5 of the Dungeon
  4173 | D:5      | Noticed Blork the orc
  4177 | D:5      | Killed Blork the orc
  4178 | D:5      | Reached skill level 10 in Bows
  4178 | D:5      | Reached XP level 7. HP: 33/33 MP: 8/8
  4234 | D:5      | Found Wumyj's Assorted Antiques.
  4478 | D:6      | Found a staircase to the Ecumenical Temple.
  4488 | Temple   | Entered the Ecumenical Temple
  4837 | Temple   | Became a worshipper of Gozag Ym Sagoz the Greedy
  4883 | D:6      | Reached XP level 8. HP: 37/37 MP: 9/9
  5756 | D:3      | Bought a fuming ruby potion for 21 gold pieces
  5756 | D:3      | Bought a scroll of identify for 48 gold pieces
  5818 | D:5      | Bought a runed emerald amulet for 170 gold pieces
  6180 | D:7      | Noticed a manticore
  6189 | D:7      | Killed a manticore
  6190 | D:7      | Reached skill level 15 in Bows
  6190 | D:7      | Reached XP level 9. HP: 21/41 MP: 10/10
  6600 | D:7      | Found a glowing golden altar of the Shining One.
  6600 | D:7      | Found a sparkling altar of Nemelex Xobeh.
  7552 | D:8      | Found a large runed translucent door.
  7552 | D:8      | Found a large runed translucent door.
  7566 | D:8      | Noticed anet's ghost (novice HOCj)
  8030 | D:8      | Reached skill level 3 in Dodging
  8135 | D:8      | Killed anet's ghost
  8136 | D:8      | Reached skill level 4 in Dodging
  8136 | D:8      | Reached XP level 10. HP: 10/46 MP: 11/11
  8499 | D:9      | Reached skill level 5 in Dodging
  8851 | D:9      | Found a runed translucent door.
  8854 | D:9      | Noticed NoAnimeNoLife's ghost (novice DsAr)
  8864 | D:9      | Identified the +10 spear of Defence {chaos, rF+ rN+}
  8927 | D:9      | Found Woufaby's General Store.
  9036 | D:9      | Noticed a two-headed ogre
  9057 | D:9      | Killed a two-headed ogre
  9058 | D:9      | Reached skill level 6 in Dodging
  9058 | D:9      | Reached skill level 5 in Stealth
  9174 | D:9      | Reached skill level 7 in Dodging
  9398 | D:10     | Entered Level 10 of the Dungeon
  9410 | D:10     | Found a hazy altar of Hepliaklqana.
  9412 | D:10     | Noticed a two-headed ogre
  9446 | D:10     | Found a flagged portal.
  9460 | Bailey   | Entered a bailey
  9734 | Bailey   | Reached skill level 5 in Evocations
  9765 | Bailey   | Reached skill level 8 in Dodging
  9778 | Bailey   | Noticed Grum
  9791 | Bailey   | Killed Grum
 10105 | D:10     | Reached skill level 9 in Dodging
 10105 | D:10     | Reached XP level 11. HP: 49/49 MP: 12/12
 10198 | D:10     | Found a staircase to the Orcish Mines.
 10309 | D:10     | You fall into a shaft and drop 1 floor!
 10511 | D:11     | Noticed Snorg
 10529 | D:11     | Killed Snorg
 10530 | D:11     | Noticed a two-headed ogre
 10540 | D:11     | Killed a two-headed ogre
 10541 | D:11     | Reached skill level 10 in Dodging
 10623 | D:10     | Found a staircase to the Lair.
 10714 | D:10     | Killed a two-headed ogre
 10751 | D:10     | Noticed a two-headed ogre
 10759 | D:10     | Killed a two-headed ogre
 10760 | D:10     | Reached skill level 11 in Dodging
 11004 | D:10     | Identified 3 scrolls of acquirement
 11009 | D:10     | Acquired the ring "Lybiemim" {rC+ rN+ rCorr Int+8 Dex-5}
 11013 | D:10     | Acquired 314 gold pieces
 11014 | D:10     | Acquired a scarf of resistance
 11138 | D:11     | Noticed a boulder beetle
 11142 | D:11     | Noticed a stone giant
 11187 | Lair:1   | Entered Level 1 of the Lair of Beasts
 11218 | Lair:1   | Noticed a six-headed hydra
 11225 | Lair:1   | Killed a six-headed hydra
 11310 | Lair:1   | Reached skill level 10 in Stealth
 11342 | Lair:1   | Reached skill level 12 in Dodging
 11378 | Lair:1   | Noticed Amaemon
 11450 | Lair:1   | Noticed a seven-headed hydra
 11489 | Lair:1   | Killed a seven-headed hydra
 11494 | Lair:1   | Killed Amaemon
 11536 | Lair:1   | Reached XP level 12. HP: 53/53 MP: 13/13
 12083 | Lair:1   | Reached skill level 13 in Dodging
 12391 | Lair:2   | Reached skill level 14 in Dodging
 12663 | Lair:2   | Reached skill level 10 in Evocations
 12748 | Lair:2   | Found a hole to the Spider Nest.
 13326 | Lair:3   | Reached skill level 15 in Dodging
 13397 | Lair:3   | Identified the +4 hunting sling "Fyedip" {flame, rF+ rC+
                  | Str+3}
 13455 | Lair:3   | Found a staircase to the Shoals.
 14109 | Lair:4   | Noticed a seven-headed hydra
 14118 | Lair:4   | Killed a seven-headed hydra
 14134 | Lair:4   | Noticed a death yak
 14135 | Lair:4   | Noticed a death yak
 14135 | Lair:4   | Noticed a death yak
 14300 | Lair:4   | Found a gate leading to a gauntlet.
 14301 | Lair:4   | Noticed Kirke
 14327 | Lair:4   | Killed Kirke
 14350 | Gauntlet | Entered a Gauntlet
 14350 | Gauntlet | Found a transporter.
 14354 | Gauntlet | Noticed a tengu warrior
 14359 | Gauntlet | Found a transporter.
 14362 | Gauntlet | Found a transporter.
 14363 | Gauntlet | Found a transporter.
 14372 | Gauntlet | Found a transporter.
 14374 | Gauntlet | Found a transporter.
 14375 | Gauntlet | Found a transporter.
 14385 | Gauntlet | Found a transporter.
 14387 | Gauntlet | Found a transporter.
 14388 | Gauntlet | Found a transporter.
 14396 | Gauntlet | Found a transporter.
 14399 | Gauntlet | Found a transporter.
 14400 | Gauntlet | Found a transporter.
 14402 | Gauntlet | Noticed a death yak
 14402 | Gauntlet | Noticed a death yak
 14402 | Gauntlet | Noticed a death yak
 14403 | Gauntlet | Noticed a death yak
 14412 | Gauntlet | Found a transporter.
 14419 | Gauntlet | Found a runed translucent door.
 14510 | Gauntlet | Killed a tengu warrior
 14511 | Gauntlet | Reached XP level 13. HP: 47/60 MP: 14/14
 14606 | Gauntlet | Reached skill level 16 in Dodging
 14832 | Gauntlet | Identified the +12 falchion of Grace {drain, Fragile rC+++
                  | Str-5 SInv}
 14832 | Gauntlet | Noticed a minotaur
 15000 | Gauntlet | Killed a minotaur
 15045 | Gauntlet | Got the Volume of Doomed Snow
 15950 | Lair:5   | Reached skill level 17 in Dodging
 16220 | Lair:5   | Reached skill level 5 in Fighting
 16669 | Lair:5   | Reached skill level 18 in Dodging
 16969 | Lair:6   | Entered Level 6 of the Lair of Beasts
 17230 | Lair:5   | Reached XP level 14. HP: 25/69 MP: 15/15
 17602 | Lair:6   | Found a staircase to the Slime Pits.
 17806 | Lair:6   | Reached skill level 19 in Dodging
 17859 | Lair:6   | Noticed Urug
 17877 | Lair:6   | Killed Urug
 18354 | Orc:1    | Entered Level 1 of the Orcish Mines
 18460 | Orc:1    | Found Vain's Distillery.
 18621 | Orc:2    | Entered Level 2 of the Orcish Mines
 18640 | Orc:2    | Found a staircase to the Elven Halls.
 18702 | Orc:2    | Found Foumuc's General Store.
 18704 | Orc:2    | Found Roysywiyt's Specific Store.
 19311 | Orc:2    | Reached skill level 20 in Dodging
 19563 | Orc:2    | Found Ihairr's Distillery.
 19569 | Orc:2    | Found Opemug's Jewellery Shoppe.
 19574 | Orc:2    | Found Deopn's Antique Weapon Emporium.
 19574 | Orc:2    | Found Nicrimur's Magic Scroll Emporium.
 19990 | Orc:2    | Bought a scroll of enchant weapon for 105 gold pieces
 20003 | Orc:2    | Bought a glowing cloak for 255 gold pieces
 20003 | Orc:2    | Bought an ominously black robe for 193 gold pieces
 20003 | Orc:2    | Identified the +0 robe "Nonnyck" {rElec Will+ Str+2 Slay-2}
                  | (You bought it in a shop on level 2 of the Orcish Mines)
 20006 | Orc:2    | Bought a scroll of brand weapon for 300 gold pieces
 20007 | Orc:2    | Bought a scroll of blinking for 105 gold pieces
 20007 | Orc:2    | Bought a scroll of fear for 49 gold pieces
 20043 | Orc:2    | Bought a scroll of enchant armour for 97 gold pieces
 20288 | D:11     | Killed a stone giant
 20513 | D:11     | Noticed a storm dragon
 20535 | D:11     | Killed a storm dragon
 20740 | D:12     | Noticed Fannar
 20765 | D:12     | Killed Fannar
 20853 | D:12     | Reached skill level 1 in Throwing
 21038 | D:12     | Reached XP level 15. HP: 75/75 MP: 16/16
 21158 | D:12     | Reached skill level 21 in Dodging
 21847 | D:13     | Reached skill level 5 in Throwing
 22338 | D:13     | Found a gate to the Vaults.
 23000 | D:14     | Found a radiant altar of Vehumet.
 23252 | D:14     | Reached skill level 15 in Evocations
 23456 | D:15     | Entered Level 15 of the Dungeon
 23770 | D:15     | Noticed Rupert
 23787 | D:15     | Killed Rupert
 23931 | D:15     | Noticed Azrael
 23970 | D:15     | Killed Azrael
 24423 | D:15     | Found a staircase to the Depths.
 24485 | D:15     | Noticed Louise
 24503 | D:15     | Killed Louise
 24504 | D:15     | Reached skill level 10 in Fighting
 24789 | Elf:1    | Entered Level 1 of the Elven Halls
 24831 | Orc:2    | Bought a wand of iceblast (4) for 88 gold pieces
 24927 | Elf:1    | Reached skill level 1 in Armour
 24960 | Elf:1    | Reached XP level 16. HP: 86/86 MP: 17/17
 25042 | Elf:1    | Found Cuduuwn's Armour Shop.
 25042 | Elf:1    | Found Agut's Jewellery Boutique.
 25641 | Elf:2    | Paralysed by an air elemental for 1 turns
 25920 | Elf:2    | Noticed a Hell Sentinel
 25927 | Elf:2    | Noticed a Hell Sentinel
 25952 | Elf:2    | Noticed a Brimstone Fiend
 26094 | Elf:2    | Found a runed translucent gate.
 26094 | Elf:2    | Found a runed translucent gate.
 26098 | Elf:2    | Found a runed translucent gate.
 26348 | Elf:1    | Found an ancient bone altar of Kikubaaqudgha.
 26692 | Elf:3    | Entered Level 3 of the Elven Halls
 27938 | Elf:3    | Found Agofeoh's Distillery.
 27943 | Elf:3    | Bought a potion of curing for 42 gold pieces
 27943 | Elf:3    | Bought 2 potions of heal wounds for 140 gold pieces
 27943 | Elf:3    | Bought a potion of heal wounds for 70 gold pieces
 27943 | Elf:3    | Bought a potion of curing for 42 gold pieces
 27978 | Elf:3    | Reached XP level 17. HP: 70/97 MP: 18/18
 28414 | Elf:3    | Found an ancient bone altar of Kikubaaqudgha.
 28533 | Elf:3    | Noticed a Brimstone Fiend
 28804 | Elf:3    | Noticed a Hell Sentinel
 28879 | Elf:3    | Noticed a deep elf blademaster
 28909 | Elf:3    | Killed a deep elf blademaster
 28963 | Elf:3    | Identified the +4 dagger of Fuur {freeze, rElec Str+4}
 28963 | Elf:3    | Identified the +9 whip of Debt {flame, rPois Str+4 Dex+7}
 29381 | Elf:3    | Noticed a deep elf blademaster
 29382 | Elf:3    | Noticed a deep elf master archer
 29523 | Elf:2    | Killed a deep elf blademaster
 29654 | Elf:3    | Killed a deep elf master archer
 29755 | Elf:3    | Acquired the +1 robe "Nisokeits" {Regen+ MP-9 Slay+2}
 29783 | Elf:3    | Noticed a deep elf master archer
 29793 | Elf:3    | Shot with an arrow by a deep elf master archer

Illustrated notes

Levels and vault maps discovered:
D:1:      roderic_octagonal_star, layout_basic
D:2:      layout_rooms, minmay_distorted
D:3:      layout_basic, portal_sewer_entry_b, serial_shops, shop,
          minmay_misc_feat_x, st_stairs_12
D:4:      layout_basic, st_stairs_10
D:5:      layout_rooms, serial_shops, nicolae_shop_stone, uniq_blork_the_orc
D:6:      layout_basic, minmay_temple_entry_waves, kennysheep_generic_room_8
D:7:      layout_loops_ring, amethyst_overflow_temple_binary
D:8:      layout_loops_ring, ebering_ghost_disaster_area, hangedman_decor_push
D:9:      layout_basic, ebering_ghost_funeral_grove, nicolae_inconvenience_store
D:10:     layout_rooms, mainiacjoe_overflow_paths,
          grunt_lair_entry_orc_guard_hut, hiddenorc2_lemuel, enter_bailey_2,
          serial_ice, serial_ice_d, serial_ice_h, serial_ice_g, serial_ice_m,
          statue_in_the_mist_lemuel
D:11:     minmay_mutant_horseshoe, layout_long_grid, uniq_snorg
D:12:     layout_stronghold, hellmonk_guarded_unrand_dark_maul, uniq_fannar
D:13:     layout_grid_maze, david_vaults_4
D:14:     layout_gridville, vehumet_crystals
D:15:     hangedman_depths_entry_civil_slaughter, layout_gridville,
          chequers_mini_garden, uniq_louise, uniq_azrael, uniq_rupert
Temple:   compressed_dpeg_triangle_lava_temple
Lair:1:   layout_regular_city, uniq_amaemon
Lair:2:   layout_long_grid, hellmonk_spider_entry_life_and_decay
Lair:3:   layout_gridlike, minmay_shoals_entry_beasts
Lair:4:   layout_cave_pods, gauntlet_entry_generic, hibernation_bobbens,
          serial_bayou_shore_b, serial_bayou_shore_a, uniq_kirke
Lair:5:   layout_cave_pods, serial_rivers, chequers_serial_rivers_small_a,
          chequers_serial_rivers_micro_c, chequers_serial_rivers_marsh,
          chequers_serial_rivers_small_b, grunt_megastairs_4,
          serial_bayou_shore_b
Lair:6:   gammafunk_lair_ancient_temple, layout_misc_corridors,
          dpeg_slime_entry_enclosed, uniq_urug
Orc:1:    layout_diamond_mine, serial_shops, nicolae_shop_window_shopping
Orc:2:    st_orc_mages, layout_caves, nicolae_specific_store,
          guppyfry_library_mini
Elf:1:    nicolae_elf_arrival_fired_up, layout_gridlike,
          minmay_elf_crystal_hexagon, hex_tiny, minmay_misc_feat_columns,
          lemuel_upstairs_altar, minmay_shoptagon
Elf:2:    elven_hall_of_blades_hangedman_original [nicolae_blade_little_rooms],
          layout_gridlike
Elf:3:    elf_hall, layout_loops_ring, serial_shops, shop, st_stairs_12,
          grunt_ministairs_5, guppyfry_elf_altar

Skill      XL: |  1  2  3  4  5  6  7  8  9 10 11 12 13 14 15 16 |
---------------+-------------------------------------------------+-----
Bows           | 5 6 7 8 10 12 15 17 | 17.2
Dodging        | 4 9 12 15 18 20 21 | 21.0
Stealth        | 3 7 10 12 | 12.1
Evocations     | 2 5 8 11 13 14 16 | 16.0
Fighting       | 3 5 7 10 14 | 14.9
Throwing       | 2 6 |  6.0
Armour         | 1 3 |  3.0

Action                   |  1- 3 |  4- 6 |  7- 9 | 10-12 | 13-15 | 16-18 || total
-------------------------+-------+-------+-------+-------+-------+-------++-------
Melee: Demon whip        |       |       |       |     4 |       |       ||     4
 Fire: Shortbow          |    78 |   229 |   296 |   927 |  1809 |   770 ||  4109
Throw: Throwing net      |       |       |       |     2 |       |       ||     2
       Dart              |       |       |       |     3 |       |       ||     3
Invok: Call Merchant     |       |       |       |       |     6 |       ||     6
       Potion Petition   |       |       |       |       |     1 |       ||     1
Evoke: Wand              |       |       |       |     4 |     4 |       ||     8
       Box of beasts     |       |       |       |     1 |     1 |       ||     2
       Phial of floods   |       |       |       |       |     1 |       ||     1
       Piece from Xom's  |       |       |       |       |     1 |       ||     1
  Use: Scroll            |       |    12 |     3 |    16 |     7 |     2 ||    40
       Potion            |       |     4 |       |     2 |     1 |     6 ||    13
Armor: Robe              |       |     8 |     8 |     3 |       |       ||    19
       Troll leather arm |       |       |       |    26 |    55 |    21 ||   102
Dodge: Dodged            |    12 |    83 |    29 |   423 |   645 |   508 ||  1700

Table legend: (Time is in decaauts)
 A = Elapsed time spent in this place.
 B = Non-inter-level travel time spent in this place.
 C = Inter-level travel time spent in this place.
 D = Time resting spent in this place.
 E = Time spent auto-exploring this place.
 F = Levels seen in this place.
 G = Mean time per level.
                   A        B        C        D        E       F      G
               +--------+--------+--------+--------+--------+-----+--------+
         Total |  20981 |  19883 |   1098 |   2404 |  10711 |  30 |  699.4 |
       Dungeon |  10233 |   9643 |    590 |    974 |   6047 |  15 |  682.2 |
        Temple |    214 |    212 |      2 |      0 |    192 |   1 |  214.0 |
          Lair |   4273 |   4037 |    236 |     60 |   2452 |   6 |  712.2 |
  Orcish Mines |   1173 |   1040 |    133 |      7 |    544 |   2 |  586.5 |
   Elven Halls |   3766 |   3630 |    136 |   1122 |   1153 |   3 | 1255.3 |
         Sewer |    366 |    366 |      0 |      0 |    231 |   1 |  366.0 |
        Bailey |    386 |    386 |      0 |     39 |      0 |   1 |  386.0 |
      Gauntlet |    566 |    566 |      0 |    201 |     89 |   1 |  566.0 |
               +--------+--------+--------+--------+--------+-----+--------+

Top non-repeatable levels by time:
   Elf:2: 1832 daAuts
   Elf:3: 1438 daAuts
     D:7: 1009 daAuts
     D:8: 890 daAuts
    D:15: 866 daAuts
     D:3: 838 daAuts
  Lair:6: 827 daAuts
     D:1: 825 daAuts
  Lair:4: 823 daAuts
   Orc:2: 823 daAuts
  Lair:5: 787 daAuts
    D:13: 769 daAuts
     D:9: 722 daAuts
     D:4: 665 daAuts
    D:11: 658 daAuts
